 Dungeon Sprint DCSS version 0.17-a0-1718-g72dbe4d (webtiles) character file.

47782 Kidiri the Impregnable (level 14, -2/136 HPs)
             Began as a Minotaur Fighter on Aug 24, 2015.
             Was the Champion of Okawaru.
             Killed from afar by a pearl dragon (38 damage)
             ... with a blast of cleansing flame
             ... in the Dungeon (Sprint VII: "The Pits").
             The game lasted 00:23:02 (3949 turns).

Kidiri the Impregnable (Minotaur Fighter)           Turns: 3949, Time: 00:23:03

Health: -2/136     AC: 37    Str: 31    XL:     14   Next: 9%
Magic:  22/22      EV: 17    Int:  2    God:    Okawaru [******]
Gold:   72         SH: 17    Dex: 15    Spells: 0 memorised, 13 levels left

rFire  + . .     SeeInvis .     H - +3 war axe of Okawaru's Supremacy {flame, rElec MP+9}
rCold  + + .     Clarity  .     F - +8 plate armour of Duck's Teeth {rF+ rC++ Int-3}
rNeg   . . .     SustAt   .     c - +0 shield
rPois  +         Gourm    .     (helmet restricted)
rElec  +         Spirit   .     I - +2 cloak {rPois}
rCorr  .         Warding  .     s - +2 pair of gloves {Str+3}
rMut   .         NoTele   +     v - +0 pair of boots of Uhezexe {rPois Regen+ MP-9 Dex-2}
MR     +....                    (no amulet)
Stlth  ..........               C - +6 ring of dexterity
                                b - +3 ring of strength

@: somewhat resistant to hostile enchantments, extremely unstealthy
A: retaliatory headbutt, horns 2, blurry vision 1
a: Heroism, Finesse, Renounce Religion


You were in the Dungeon.
You worshipped Okawaru.
Okawaru was exalted by your worship.
You were not hungry.

You visited 1 branch You collected 72 gold pieces.

Inventory:

Hand weapons
 l - a +4 broad axe of chopping
 t - a +1 flail of protection
 H - the +3 war axe of Okawaru's Supremacy (weapon) {flame, rElec MP+9}
   (You found it in the Dungeon)

   It has been specially enchanted to burn those struck by it, causing extra
   injury to most foes and up to half again as much damage against particularly
   susceptible opponents.
   Big, fiery blades are also staple armaments of hydra-hunters.
   It insulates you from electricity.
   It affects your magic capacity (+9).
Armour
 c - a +0 shield (worn)
 s - a +2 pair of gloves of strength (worn)
 v - the +0 pair of boots of Uhezexe (worn) {rPois Regen+ MP-9 Dex-2}
   (Okawaru gifted it to you in the Dungeon)

   It affects your dexterity (-2).
   It protects you from poison.
   It affects your magic capacity (-9).
   It increases your rate of regeneration.
 F - the +8 plate armour of Duck's Teeth (worn) {rF+ rC++ Int-3}
   (You found it in the Dungeon)

   It affects your intelligence (-3).
   It protects you from fire.
   It greatly protects you from cold.
 I - a +2 cloak of poison resistance (worn)
Jewellery
 a - the ring "Kumuk" {MP+9 EV+4 Str-5 Int+6 SInv}
   (You found it in the Dungeon)

   [ring of evasion]

   It affects your evasion (+4).
   It affects your strength (-5).
   It affects your intelligence (+6).
   It affects your magic capacity (+9).
   It lets you see invisible.
 b - a +3 ring of strength (left hand)
 A - the amulet of the Air {Inacc +Fly rElec EV+5 RMsl}
   (You found it in the Dungeon)

   [amulet of inaccuracy]

   It reduces the accuracy of all your attacks.
   It affects your evasion (+5).
   It insulates you from electricity.
   It lets you fly.
   It protects you from missiles.
 B - an uncursed ring of fire
 C - a +6 ring of dexterity (right hand)
 E - an uncursed ring of protection from magic
Scrolls
 k - a scroll of blinking
 p - 3 scrolls of remove curse
 q - 5 scrolls of amnesia
 r - a scroll of summoning
 u - a scroll of identify
 y - 5 scrolls of fear
Potions
 d - 3 potions of might
 f - 8 potions of curing
 g - 2 potions of heal wounds
 h - a potion of haste
 i - 4 potions of magic
 j - 4 potions of berserk rage
 o - 2 potions of invisibility
 x - 2 potions of cure mutation
 z - 4 potions of agility
Comestibles
 e - 12 bread rations
 m - 40 fruits
 n - 10 meat rations
 w - 6 chunks of flesh
 D - a slice of pizza


   Skills:
 + Level 15.8 Fighting
 * Level 20.8 Axes
 * Level 21.0 Armour
 + Level 14.3 Dodging
 * Level 21.0 Shields
 + Level 13.1 Invocations


You had 13 spell levels left.
You didn't know any spells.

Dungeon Overview and Level Annotations

Branches:
Dungeon (1/1)

Altars:
Ashenzari
Cheibriados
Dithmenos
Elyvilon
Fedhas
Gozag
Kikubaaqudgha
Makhleb
Nemelex Xobeh
Okawaru
Qazlal
Ru
Sif Muna
Trog
Vehumet
Xom
Yredelemnul
Zin
The Shining One
Beogh
Jiyva
Lugonu


Innate Abilities, Weirdness & Mutations

You reflexively headbutt those who attack you in melee.
You have a pair of horns on your head.
Scrolls take you a little longer to read.


Message History

You headbutt the pearl dragon!
The pearl dragon is lightly wounded.
You are engulfed in blessed fire.
The pearl dragon bites you!
The pearl dragon claws you but does no damage.
You slice the pearl dragon!! You burn the pearl dragon.
The pearl dragon is moderately wounded.
You are engulfed in blessed fire.
The pearl dragon breathes holy energy at you.
The blast of cleansing flame engulfs you!
Unknown command.
You hit the pearl dragon. You burn the pearl dragon.
The pearl dragon is moderately wounded.
You are engulfed in blessed fire.
You hit the pearl dragon. You burn the pearl dragon.
The pearl dragon is moderately wounded.
You are engulfed in blessed fire.
* * * LOW HITPOINT WARNING * * *
The pearl dragon breathes holy energy at you.
The blast of cleansing flame engulfs you!
You die...

#+# #.# #D#
################@#
..............§§§#
..............§§§#
+##############..#
)(..#[.+...+[[#..#
))..#[[#...#[[#..#
.#######...####..#
....#)........#..#
.(.()[).......#..#


You could see a pearl dragon.

Vanquished Creatures
  A death cob (D)
  2 orc warlords (D)
  A ghost moth (D)
  3 emperor scorpions (D)
  A deep elf demonologist (D)
  A green draconian (D)
  A black draconian (D)
  A dire elephant (D)
  A yellow draconian (D)
  3 vault guards (D)
  A yaktaur captain (D)
  An ice dragon (D)
  Harold (D)
  A naga warrior (D)
  3 hydras (D)
  An anaconda (D)
  A rakshasa (D)
  2 ogre magi (D)
  4 death yaks (D)
  An orc high priest (D)
  A shadow wraith (D)
  4 deep elf knights (D)
  An unseen horror (D)
  A spriggan druid (D)
  A phantasmal warrior (D)
  10 orc knights (D)
  A hill giant (D)
  2 griffons (D)
  A wolf spider (D)
  An orange demon (D)
  A guardian serpent (D)
  A rust devil (D)
  An eye of devastation (D)
  A gargoyle (D)
  A smoke demon (D)
  A spiny frog (D)
  A molten gargoyle (D)
  2 yaktaurs (D)
  A hellwing (D)
  A fire drake (D)
  A guardian mummy (D)
  An efreet (D)
  2 polar bears (D)
  A giant leech (D)
  Prince Ribbit (D)
  A wind drake (D)
  3 two-headed ogres (D)
  A boulder beetle (D)
  A flying skull (D)
  A spriggan (D)
  A ynoxinul (D)
  2 redbacks (D)
  A deep elf fighter (D)
  A water elemental (D)
  4 yaks (D)
  Eustachio (D)
  Grum (D)
  A steam dragon (D)
  3 wargs (D)
  9 wolves (D)
  2 vampire mosquitoes (D)
  2 ice beasts (D)
  A water moccasin (D)
  5 orc warriors (D)
  9 ogres (D)
  An eye of draining (D)
  A wasp (D)
  A phantom (D)
  An earth elemental (D)
  2 scorpions (D)
  A crimson imp (D)
  A gnoll shaman (D)
  An iron imp (D)
  4 orc priests (D)
  A jelly (D)
  4 orc wizards (D)
  A hell rat (D)
  Terence (D)
  A worker ant (D)
  8 sheep (D)
  3 gnolls (D)
  A river rat (D)
  An ufetubus (D)
  A giant eyeball (D)
  8 orcs (D)
  A ball python (D)
  2 bat skeletons (D)
  A goblin (D)
  3 hobgoblins (D)
  4 quokkas (D)
  A ball python zombie (D)
  A giant gecko zombie (D)
  A giant newt (D)
  A quokka simulacrum (D)
  A rat (D)
180 creatures vanquished.

Notes
Turn   | Place    | Note
--------------------------------------------------------------
     0 | D        | Kidiri the Minotaur Fighter began the quest for the Orb.
     0 | D        | Reached XP level 1. HP: 19/19 MP: 0/0
    30 | D        | Reached skill level 4 in Armour
    30 | D        | Reached skill level 1 in Dodging
    41 | D        | Found a sacrificial altar of Ru.
    41 | D        | Found a basalt altar of Yredelemnul.
    41 | D        | Found a shadowy altar of Dithmenos.
    41 | D        | Found a deep blue altar of Sif Muna.
    41 | D        | Found a burning altar of Makhleb.
    41 | D        | Found a shimmering altar of Xom.
    41 | D        | Found an ancient bone altar of Kikubaaqudgha.
    41 | D        | Found a sparkling altar of Nemelex Xobeh.
    42 | D        | Found a glowing golden altar of the Shining One.
    42 | D        | Found a bloodstained altar of Trog.
    42 | D        | Found a shattered altar of Ashenzari.
    42 | D        | Found a white marble altar of Elyvilon.
    42 | D        | Found a snail-covered altar of Cheibriados.
    42 | D        | Found a blossoming altar of Fedhas.
    42 | D        | Found a radiant altar of Vehumet.
    42 | D        | Found a glowing silver altar of Zin.
    42 | D        | Found a corrupted altar of Lugonu.
    42 | D        | Found a viscous altar of Jiyva.
    42 | D        | Found a roughly hewn altar of Beogh.
    42 | D        | Found an iron altar of Okawaru.
    48 | D        | Found a stormy altar of Qazlal.
    49 | D        | Found an opulent altar of Gozag.
    51 | D        | Became a worshipper of Warmaster Okawaru
   201 | D        | Reached XP level 2. HP: 27/27 MP: 1/1
   381 | D        | Noticed a phantom
   394 | D        | Reached skill level 1 in Invocations
   410 | D        | Killed a phantom
   410 | D        | Reached skill level 5 in Fighting
   410 | D        | Reached skill level 5 in Axes
   410 | D        | Reached skill level 6 in Armour
   410 | D        | Reached XP level 3. HP: 34/36 MP: 1/3
   410 | D        | Reached XP level 4. HP: 39/42 MP: 1/4
   550 | D        | Noticed Prince Ribbit
   551 | D        | Noticed Terence
   551 | D        | Noticed a worker ant
   551 | D        | Noticed a crimson imp
   552 | D        | Noticed a deep elf fighter
   553 | D        | Noticed an orc wizard
   560 | D        | Killed a crimson imp
   560 | D        | Acquired Okawaru's first power
   560 | D        | Reached XP level 5. HP: 46/48 MP: 5/5
   565 | D        | Killed an orc wizard
   565 | D        | Reached skill level 7 in Armour
   566 | D        | Noticed an orc wizard
   572 | D        | Killed an orc wizard
   579 | D        | Killed a deep elf fighter
   579 | D        | Reached skill level 8 in Armour
   579 | D        | Reached XP level 6. HP: 46/58 MP: 5/7
   582 | D        | Killed Terence
   585 | D        | Killed a worker ant
   585 | D        | Reached skill level 5 in Dodging
   666 | D        | Noticed an orc priest
   667 | D        | Killed an orc priest
   667 | D        | Reached skill level 9 in Armour
   678 | D        | Noticed an iron imp
   678 | D        | Noticed a gnoll shaman
   697 | D        | Killed a gnoll shaman
   699 | D        | Killed an iron imp
   720 | D        | Noticed a warg
   720 | D        | Noticed Grum
   720 | D        | Noticed a wolf
   720 | D        | Noticed a wolf
   720 | D        | Noticed a wolf
   720 | D        | Noticed a wolf
   720 | D        | Noticed a polar bear
   723 | D        | Killed a wolf
   723 | D        | Reached XP level 7. HP: 49/66 MP: 9/9
   730 | D        | Killed a warg
   730 | D        | Reached skill level 10 in Armour
   733 | D        | Killed a wolf
   733 | D        | Reached skill level 10 in Shields
   733 | D        | Reached skill level 5 in Invocations
   740 | D        | Killed a wolf
   740 | D        | Reached skill level 10 in Axes
   758 | D        | Killed a polar bear
   758 | D        | Reached XP level 8. HP: 38/75 MP: 9/11
   765 | D        | Killed a wolf
   765 | D        | Reached skill level 11 in Armour
   774 | D        | Killed Grum
   930 | D        | Noticed a yak
   931 | D        | Noticed a jelly
   931 | D        | Noticed a yak
   931 | D        | Noticed a yak
   932 | D        | Noticed a yak
   934 | D        | Killed a jelly
   936 | D        | Killed a yak
   937 | D        | Killed a yak
   938 | D        | Killed a yak
   939 | D        | Killed a yak
   939 | D        | Reached skill level 12 in Armour
   939 | D        | Reached XP level 9. HP: 76/83 MP: 10/12
   958 | D        | Noticed Eustachio
   960 | D        | Noticed a death yak
   961 | D        | Killed Eustachio
   973 | D        | Killed a death yak
  1070 | D        | Noticed a flying skull
  1070 | D        | Noticed a griffon
  1073 | D        | Killed a flying skull
  1075 | D        | Killed a griffon
  1075 | D        | Acquired Okawaru's second power
  1075 | D        | Reached skill level 10 in Fighting
  1075 | D        | Reached skill level 13 in Armour
  1083 | D        | Noticed an orc wizard
  1083 | D        | Noticed an orc priest
  1083 | D        | Noticed a polar bear
  1086 | D        | Killed an orc wizard
  1093 | D        | Noticed a gargoyle
  1094 | D        | Killed a polar bear
  1098 | D        | Killed an orc priest
  1105 | D        | Killed a gargoyle
  1105 | D        | Reached XP level 10. HP: 72/93 MP: 14/14
  1190 | D        | Noticed a death yak
  1190 | D        | Noticed an orc priest
  1190 | D        | Noticed an orc priest
  1192 | D        | Killed an orc priest
  1193 | D        | Noticed a guardian mummy
  1193 | D        | Killed an orc priest
  1195 | D        | Killed a death yak
  1197 | D        | Noticed a death yak
  1200 | D        | Noticed an orange demon
  1200 | D        | Killed a guardian mummy
  1208 | D        | Killed a death yak
  1208 | D        | Received a gift from Okawaru
  1208 | D        | Reached skill level 14 in Armour
  1215 | D        | Killed a shadow wraith
  1224 | D        | Killed an orange demon
  1508 | D        | Noticed an eight-headed hydra
  1508 | D        | Noticed an anaconda
  1508 | D        | Noticed a redback
  1508 | D        | Noticed a spiny frog
  1522 | D        | Killed an anaconda
  1523 | D        | Noticed an ice beast
  1526 | D        | Killed a spiny frog
  1526 | D        | Received a gift from Okawaru
  1530 | D        | Killed a redback
  1531 | D        | Noticed a ynoxinul
  1537 | D        | Killed an eight-headed hydra
  1537 | D        | Reached skill level 15 in Armour
  1537 | D        | Reached skill level 10 in Dodging
  1537 | D        | Reached skill level 15 in Shields
  1537 | D        | Reached XP level 11. HP: 75/102 MP: 11/16
  1540 | D        | Killed an ice beast
  1544 | D        | Killed a ynoxinul
  1762 | D        | Noticed a redback
  1762 | D        | Noticed a wolf
  1763 | D        | Noticed an orc warrior
  1763 | D        | Noticed a wolf
  1763 | D        | Noticed an orc warrior
  1763 | D        | Noticed a wolf
  1764 | D        | Noticed a phantasmal warrior
  1764 | D        | Noticed a water moccasin
  1765 | D        | Noticed a wolf
  1767 | D        | Killed a redback
  1767 | D        | Reached skill level 15 in Axes
  1768 | D        | Noticed an orc knight
  1768 | D        | Noticed a giant leech
  1768 | D        | Killed a wolf
  1768 | D        | Received a gift from Okawaru
  1769 | D        | Noticed an ogre
  1770 | D        | Noticed an orc warrior
  1771 | D        | Noticed a warg
  1771 | D        | Killed a wolf
  1772 | D        | Noticed a molten gargoyle
  1773 | D        | Noticed an orc warrior
  1774 | D        | Killed an orc warrior
  1775 | D        | Noticed a wolf
  1775 | D        | Noticed a hell rat
  1775 | D        | Killed a wolf
  1776 | D        | Killed a water moccasin
  1776 | D        | Killed a wolf
  1779 | D        | Noticed an orc warrior
  1780 | D        | Noticed a warg
  1782 | D        | Killed an orc warrior
  1784 | D        | Killed an ogre
  1784 | D        | Killed a phantasmal warrior
  1785 | D        | Killed a molten gargoyle
  1786 | D        | Noticed a smoke demon
  1786 | D        | Killed a warg
  1788 | D        | Noticed an orc wizard
  1788 | D        | Noticed an ice beast
  1788 | D        | Killed an orc warrior
  1789 | D        | Killed an orc warrior
  1791 | D        | Killed an orc knight
  1793 | D        | Killed a hell rat
  1795 | D        | Killed an orc warrior
  1795 | D        | Killed a wolf
  1797 | D        | Killed a warg
  1798 | D        | Noticed an orc high priest
  1799 | D        | Killed an orc wizard
  1800 | D        | Killed an ice beast
  1800 | D        | Reached skill level 16 in Armour
  1801 | D        | Killed a smoke demon
  1801 | D        | Killed a giant leech
  1815 | D        | Killed an orc high priest
  2129 | D        | Noticed a griffon
  2138 | D        | Killed a griffon
  2140 | D        | Noticed an efreet
  2146 | D        | Killed an efreet
  2152 | D        | Noticed a wasp
  2152 | D        | Noticed a wolf spider
  2152 | D        | Noticed Harold
  2156 | D        | Killed a wolf spider
  2159 | D        | Killed a wasp
  2163 | D        | Killed Harold
  2163 | D        | Reached skill level 10 in Invocations
  2178 | D        | Noticed a hellwing
  2179 | D        | Noticed a death cob
  2189 | D        | Killed a death cob
  2189 | D        | Received a gift from Okawaru
  2189 | D        | Reached skill level 17 in Armour
  2189 | D        | Reached XP level 12. HP: 52/113 MP: 16/18
  2196 | D        | Killed a hellwing
  2217 | D        | Noticed an emperor scorpion
  2220 | D        | Noticed a vampire mosquito
  2221 | D        | Noticed a vampire mosquito
  2227 | D        | Killed a vampire mosquito
  2232 | D        | Killed a vampire mosquito
  2236 | D        | Killed an emperor scorpion
  2431 | D        | Noticed a death yak
  2431 | D        | Noticed a deep elf demonologist
  2431 | D        | Noticed a steam dragon
  2433 | D        | Noticed an Executioner
  2440 | D        | Killed a death yak
  2446 | D        | Killed an Executioner
  2447 | D        | Killed a deep elf demonologist
  2449 | D        | Killed a steam dragon
  2537 | D        | Killed Prince Ribbit
  2658 | D        | Noticed an ogre mage
  2658 | D        | Noticed a two-headed ogre
  2658 | D        | Noticed a two-headed ogre
  2658 | D        | Noticed an ogre
  2658 | D        | Noticed a scorpion
  2659 | D        | Killed a two-headed ogre
  2661 | D        | Noticed a black draconian
  2662 | D        | Killed a scorpion
  2662 | D        | Killed a two-headed ogre
  2666 | D        | Killed a ghost moth
  2666 | D        | Received a gift from Okawaru
  2667 | D        | Got a pair of polished boots {god gift}
  2669 | D        | Noticed a water elemental
  2671 | D        | Noticed a hill giant
  2671 | D        | Killed an unseen horror
  2673 | D        | Killed a black draconian
  2673 | D        | Reached skill level 18 in Armour
  2675 | D        | Killed a hill giant
  2679 | D        | Killed an ogre mage
  2680 | D        | Noticed a scorpion
  2680 | D        | Killed a scorpion
  2681 | D        | Noticed a fire drake
  2681 | D        | Noticed an emperor scorpion
  2686 | D        | Noticed a green draconian
  2687 | D        | Killed a water elemental
  2693 | D        | Killed an emperor scorpion
  2694 | D        | Noticed a boulder beetle
  2694 | D        | Killed a green draconian
  2697 | D        | Killed an ogre
  2697 | D        | Noticed an ogre
  2698 | D        | Killed a boulder beetle
  2699 | D        | Killed an ogre
  2703 | D        | Noticed an eye of devastation
  2703 | D        | Killed a fire drake
  2708 | D        | Killed an eye of devastation
  2714 | D        | Noticed an ogre
  2715 | D        | Noticed a spriggan
  2716 | D        | Killed an ogre
  2718 | D        | Killed a spriggan
  2726 | D        | Noticed a spriggan druid
  2726 | D        | Gained mutation: Scrolls take you a little longer to read. [mutagenic meat]
  2731 | D        | Killed a spriggan druid
  2731 | D        | Reached XP level 13. HP: 82/124 MP: 6/20
  2736 | D        | Noticed a six-headed hydra
  2737 | D        | Identified the +0 pair of boots of Uhezexe {rPois Regen+ MP-9 Dex-2} (Okawaru gifted it to you in the Dungeon)
  2744 | D        | Killed a six-headed hydra
  2745 | D        | Noticed a six-headed hydra
  2748 | D        | Killed a six-headed hydra
  2748 | D        | Reached skill level 19 in Shields
  2796 | D        | Got the +8 plate armour of Duck's Teeth {rF+ rC++ Int-3}
  2816 | D        | Got the ring "Kumuk" {MP+9 EV+4 Str-5 Int+6 SInv}
  2867 | D        | Noticed an earth elemental
  2867 | D        | Noticed a dire elephant
  2867 | D        | Noticed an ice dragon
  2867 | D        | Noticed an eye of draining
  2867 | D        | Noticed a wind drake
  2867 | D        | Noticed a rakshasa
  2869 | D        | Killed an earth elemental
  2872 | D        | Paralysed by a giant eyeball for 4 turns
  2892 | D        | Paralysed by a giant eyeball for 2 turns
  2915 | D        | Killed a dire elephant
  2924 | D        | Paralysed by a giant eyeball for 4 turns
  2935 | D        | Killed a dire elephant
  2939 | D        | Killed an eye of draining
  2940 | D        | Paralysed by a giant eyeball for 4 turns
  2958 | D        | Killed a rakshasa
  2972 | D        | Killed a rakshasa
  2984 | D        | Killed an ice dragon
  2987 | D        | Killed a wind drake
  3153 | D        | Noticed an ogre mage
  3153 | D        | Noticed a two-headed ogre
  3153 | D        | Noticed an ogre
  3153 | D        | Noticed an ogre
  3153 | D        | Noticed an ogre
  3153 | D        | Noticed an ogre
  3153 | D        | Noticed an ogre
  3153 | D        | Noticed an orc knight
  3153 | D        | Noticed an orc knight
  3153 | D        | Noticed an orc knight
  3153 | D        | Noticed an orc knight
  3153 | D        | Noticed an orc knight
  3154 | D        | Noticed a rust devil
  3154 | D        | Noticed an orc knight
  3154 | D        | Noticed an orc knight
  3154 | D        | Noticed an orc warlord
  3154 | D        | Noticed an orc warlord
  3155 | D        | Noticed an orc knight
  3157 | D        | Killed an ogre
  3161 | D        | Killed an ogre
  3163 | D        | Killed a rust devil
  3164 | D        | Killed an ogre
  3167 | D        | Killed a two-headed ogre
  3174 | D        | Killed an orc knight
  3174 | D        | Received a gift from Okawaru
  3185 | D        | Killed an ogre
  3202 | D        | Killed an orc warlord
  3205 | D        | Killed an ogre mage
  3217 | D        | Killed an ogre
  3234 | D        | Killed an orc warlord
  3239 | D        | Killed an orc knight
  3244 | D        | Killed an orc knight
  3247 | D        | Killed an orc knight
  3250 | D        | Killed an orc knight
  3250 | D        | Reached skill level 15 in Fighting
  3250 | D        | Reached skill level 20 in Armour
  3253 | D        | Killed an orc knight
  3257 | D        | Killed an orc knight
  3264 | D        | Killed an orc knight
  3275 | D        | Got a faintly glowing hand axe {god gift}
  3276 | D        | Identified the +5 hand axe of Xaw Qiha {speed, Str+4 Dex+4 Stlth-} (Okawaru gifted it to you in the Dungeon)
  3472 | D        | Noticed a yaktaur captain
  3473 | D        | Noticed a yaktaur
  3474 | D        | Noticed a guardian serpent
  3474 | D        | Noticed a deep elf knight
  3475 | D        | Noticed an orc knight
  3475 | D        | Noticed a deep elf knight
  3475 | D        | Noticed a yaktaur
  3475 | D        | Noticed a vault guard
  3476 | D        | Noticed a yellow draconian
  3481 | D        | Killed a guardian serpent
  3481 | D        | Killed a yaktaur
  3481 | D        | Received a gift from Okawaru
  3487 | D        | Killed a yaktaur captain
  3494 | D        | Killed a yellow draconian
  3499 | D        | Killed a deep elf knight
  3500 | D        | Killed a yaktaur
  3505 | D        | Killed a deep elf knight
  3506 | D        | Killed an orc knight
  3506 | D        | Killed a vault guard
  3511 | D        | Got a pair of ichor-stained gloves {god gift}
  3522 | D        | Identified the +2 pair of gloves of an ossuary {Int+3} (Okawaru gifted it to you in the Dungeon)
  3653 | D        | Noticed a vault guard
  3656 | D        | Noticed a vault guard
  3663 | D        | Killed a vault guard
  3664 | D        | Noticed a naga warrior
  3674 | D        | Killed a vault guard
  3675 | D        | Noticed a deep elf knight
  3676 | D        | Noticed an emperor scorpion
  3676 | D        | Noticed a deep elf knight
  3690 | D        | Killed a naga warrior
  3690 | D        | Reached XP level 14. HP: 114/135 MP: 6/22
  3707 | D        | Killed a deep elf knight
  3716 | D        | Killed a deep elf knight
  3726 | D        | Killed an emperor scorpion
  3726 | D        | Reached skill level 21 in Armour
  3784 | D        | Got the cursed +3 war axe of Okawaru's Supremacy {flame, rElec MP+9}
  3943 | D        | Noticed a pearl dragon
  3949 | D        | Killed from afar by a pearl dragon

Vault maps used:
D:        pitsprint

Action                   |  1- 3 |  4- 6 |  7- 9 | 10-12 | 13-15 || total
-------------------------+-------+-------+-------+-------+-------++-------
Melee: War axe           |    34 |    61 |    47 |       |     5 ||   147
       Broad axe         |       |       |    39 |   199 |       ||   238
       Flail             |       |       |       |    21 |   216 ||   237
       Hand axe          |       |       |       |       |    94 ||    94
Invok: Heroism           |       |     2 |     3 |     6 |     4 ||    15
       Finesse           |       |       |       |     5 |     4 ||     9
  Use: Potion            |     2 |     1 |     2 |     2 |     6 ||    13
       Scroll            |       |       |       |     6 |     1 ||     7
 Stab: Sleeping          |       |     1 |       |       |       ||     1
  Eat: Chunk             |       |       |     1 |     3 |     2 ||     6
       Bread ration      |       |       |       |     2 |       ||     2
